 Dungeon Sprint DCSS version 0.28-a0-915-gcd63401287 (webtiles) character file.

Game seed: 14402967006776086386

9888 Turgor the Executioner (level 11, -56/115 HPs)
             Began as a Minotaur Berserker on Nov 25, 2021.
             Was an Elder of Trog.
             Killed from afar by a hellephant (76 damage)
             ... with a blast of flame
             ... in the Dungeon (Sprint II: "The Violet Keep of Menkaure").
             The game lasted 00:17:44 (1602 turns).

Turgor the Executioner (Minotaur Berserker)         Turns: 1602, Time: 00:17:45

Health: -56/115    AC: 13    Str: 26    XL:     11   Next: 29%
Magic:  3/3        EV: 14    Int:  7    God:    Trog [****..]
Gold:   640        SH:  0    Dex: 11    Spells: 10/10 levels left

rFire   . . .      SeeInvis .   a - +4 executioner's axe (antimagic)
rCold   . . .      Faith    .   (shield currently unavailable)
rNeg    + . .      Spirit   .   l - +0 ring mail
rPois   +          Reflect  .   (helmet restricted)
rElec   .          Harm     .   i - +1 cloak {Will+}
rCorr   .          Rampage  .   q - +0 pair of gloves {Str+3}
Will    +++..      NoTele   +   (no boots)
Stlth   +.........              t - amulet of regeneration
HPRegen 2.09/turn               k - ring of Irphif {rPois rN+ Int+2}
MPRegen 0.08/turn               (no ring)

@: strong-willed, regenerating
A: horns 2, retaliatory headbutt
a: Renounce Religion, Berserk, Trog's Hand, Brothers in Arms


You were in the Dungeon.
You worshipped Trog.
Trog was greatly pleased with you.
You visited 1 branch You collected 1608 gold pieces.
You spent 968 gold pieces at shops.

Inventory:

Hand Weapons
 a - a +4 antimagic executioner's axe (weapon)
Armour
 i - a +1 cloak of willpower (worn)
 j - the +1 pair of gloves of Refuge {Str+3 Dex+3}
   (You bought it in a shop in the Dungeon)

   Str:       It affects your strength (+3).
   Dex:       It affects your dexterity (+3).
 l - a +0 ring mail (worn)
 q - a +0 pair of gloves of strength (worn)
Jewellery
 k - the ring of Irphif (left hand) {rPois rN+ Int+2}
   (You bought it in a shop in the Dungeon)

   [ring of poison resistance]

   Int:       It affects your intelligence (+2).
   rPois:     It protects you from poison.
   rN:        It protects you from negative energy.
 t - an amulet of regeneration (around neck)
Scrolls
 d - a scroll of brand weapon
 h - a scroll of blinking
 m - 4 scrolls of fear
 o - a scroll of fog {unknown}
Potions
 c - 3 potions of curing
 e - a potion of haste
 f - 6 potions of magic
 g - a potion of berserk rage
 n - a potion of lignification
 p - a potion of heal wounds
 r - 3 potions of resistance
 s - 2 potions of ambrosia
 u - a potion of mutation
 v - 2 potions of flight


   Skills:
 + Level 16.4 Fighting
 * Level 22.2 Axes
 + Level 16.2 Armour
 - Level 9.0 Dodging


You had 10 spell levels left.
You didn't know any spells.
Your spell library was empty.

Dungeon Overview and Level Annotations

Branches:
Dungeon (1/1)

Altars:
Cheibriados
Dithmenos
Elyvilon
Fedhas
Gozag
Hepliaklqana
Kikubaaqudgha
Makhleb
Nemelex Xobeh
Okawaru
Qazlal
Ru
Sif Muna
Trog
Uskayaw
Vehumet
Wu Jian
Xom
Yredelemnul
Zin
The Shining One
Beogh
Jiyva
Lugonu

Shops:
D :=*=![=:[(:[!?[

Annotations:
D exclusion: oklob plant


Innate Abilities, Weirdness & Mutations

You have a pair of horns on your head.
You reflexively headbutt those who attack you in melee.


Message History

Your ogre rages.
The hellephant breathes flames at you. The blast of flame hits you!!!
You see here a +2 barding.
The hellephant tramples you!
You stumble backwards!
You see here a +2 barding.
You closely miss the hellephant. You headbutt the hellephant!
The hellephant is lightly wounded.
The hellephant tramples you!!
You stumble backwards!
Your ogre closely misses the hellephant.
You open the hellephant like a pillowcase!!!
The hellephant's magic leaks into the air.
The hellephant is moderately wounded.
The hellephant tramples you!!
* * * LOW HITPOINT WARNING * * *
You stumble backwards!
Your ogre closely misses the hellephant.
You feel much better.
Your ogre closely misses the hellephant.
The hellephant tramples you!!
* * * LOW HITPOINT WARNING * * *
You stumble backwards!
Unknown command.
You hit the hellephant but do no damage.
Your headbutt misses the hellephant.
The hellephant is moderately wounded.
Your ogre rages.
The hellephant falters for a moment.
You slash the hellephant!
The hellephant's magic leaks into the air.
The hellephant is moderately wounded.
Your ogre hits the hellephant with a +0 giant club!
You slice the hellephant!!
The hellephant's magic leaks into the air.
You headbutt the hellephant.
The hellephant is heavily wounded.
The hellephant breathes flames at you. The blast of flame hits you!!!!
Ouch! That really hurt!
You die...

#}[▓▓▓▓▓▓▓▓▓▓▓▓+▓▓
#[)▓[()).(.|▓▓...▓
#|°▓...([(..▓▓.⌠.▓ #
+.####[°▓:.(...).▓▓..$▓ #
...####▓.(..(.((▓▓...▓ ##
#..# .#▓..(.[).)▓▓§..▓ .#
+..# .#▓.).(O..)▓▓$..▓ .#
#^.# .#▓).(.Y..[▓▓.⌠.▓
.####..##.#▓.)[[@)..▓▓$..▓
...###...##▓▓▓▓▓▓▓'▓▓▓▓)▓▓
.....≈≈÷)≈≈≈≈≈≈≈≈)...≈≈≈▓
..§..≈#'########)###.≈≈≈▓
≈≈≈..≈#....._._#≈≈§##≈≈≈▓
≈§§≈.≈#...._._.#≈§§§####▓▓▓▓▓
≈§§≈§≈#..._._._#§§§≈§##..#..▓
≈§§≈≈≈#.._._._.#§§≈§≈§#..#..▓
≈≈§≈≈≈#._._._._#≈§§§≈§§..§†.▓


You could see a hellephant (catching breath, ally target) and a friendly ogre
(summoned, berserk).

Vanquished Creatures
  A kraken (D)
  A sphinx (D)
  2 boulder beetles (D)
  Sonja (D)
  A glowing orange brain (D)
  2 deep trolls (D)
  A merfolk siren (D)
  A yaktaur (D)
  A hornet (D)
  3 polar bears (D)
  2 wyverns (D)
  Menkaure (D)
  5 water moccasins (D)
  4 necrophages (D)
  A lava snake (D)
  4 tentacles (D)
31 creatures vanquished.

Vanquished Creatures (collateral kills)
  A sphinx (D)
  A draconian shifter (D)
2 creatures vanquished.

Vanquished Creatures (others)
  9 tentacles (D)
9 creatures vanquished.

Grand Total: 42 creatures vanquished

Notes
Turn   | Place    | Note
-------+----------+-------------------------------------------
     0 | D        | Turgor the Minotaur Berserker began the quest for the Orb.
     0 | D        | Reached XP level 1. HP: 19/19 MP: 0/0
     1 | D        | Noticed a necrophage
     1 | D        | Noticed a necrophage
     1 | D        | Noticed a necrophage
     1 | D        | Noticed a necrophage
     7 | D        | Killed a necrophage
     8 | D        | Reached skill level 5 in Fighting
     8 | D        | Reached skill level 7 in Axes
     8 | D        | Reached skill level 5 in Armour
     8 | D        | Reached XP level 2. HP: 30/30 MP: 1/1
     8 | D        | Reached XP level 3. HP: 37/37 MP: 2/2
     8 | D        | Reached XP level 4. HP: 44/44 MP: 3/3
    11 | D        | Killed a necrophage
    12 | D        | Reached skill level 9 in Axes
    12 | D        | Reached skill level 5 in Dodging
    12 | D        | Reached XP level 5. HP: 45/51 MP: 4/4
    14 | D        | Killed a necrophage
    14 | D        | Reached ** piety under Trog
    15 | D        | Reached skill level 10 in Axes
    15 | D        | Reached XP level 6. HP: 54/60 MP: 5/5
    71 | D        | Noticed an obsidian statue
    72 | D        | Noticed Menkaure
    74 | D        | Killed Menkaure
    75 | D        | Reached skill level 11 in Axes
   131 | D        | Noticed a wyvern
   131 | D        | Noticed a wyvern
   133 | D        | Killed a wyvern
   134 | D        | Reached skill level 12 in Axes
   134 | D        | Reached XP level 7. HP: 70/70 MP: 6/6
   137 | D        | Killed a wyvern
   137 | D        | Reached *** piety under Trog
   188 | D        | Noticed a merfolk siren
   199 | D        | Killed a merfolk siren
   200 | D        | Reached skill level 10 in Fighting
   200 | D        | Reached skill level 13 in Axes
   200 | D        | Reached XP level 8. HP: 68/79 MP: 7/7
   247 | D        | Noticed a boulder beetle
   247 | D        | Noticed a boulder beetle
   260 | D        | Killed a boulder beetle
   261 | D        | Reached skill level 15 in Axes
   270 | D        | Killed a boulder beetle
   270 | D        | Reached **** piety under Trog
   271 | D        | Reached skill level 16 in Axes
   271 | D        | Reached XP level 9. HP: 45/90 MP: 8/8
   496 | D        | Found Viaradgh's Book Shoppe.
   496 | D        | Found Nuoqyef's Antique Armour Shoppe.
   496 | D        | Found Wops's Jewellery Emporium.
   496 | D        | Found Vaiwin's Antique Armour Shoppe.
   496 | D        | Found Xesezum's Book Emporium.
   497 | D        | Found Gyasok's Magic Scroll Emporium.
   497 | D        | Found Rappofut's Antique Weapon Shoppe.
   497 | D        | Found Xadi's Antique Armour Emporium.
   497 | D        | Found Koshrama's Distillery.
   497 | D        | Found Plog's Jewellery Emporium.
   498 | D        | Found Ciahin's General Store.
   498 | D        | Found Ihotuo's Jewellery Emporium.
   499 | D        | Found Lod Onel's Distillery.
   499 | D        | Found Eklid's Antique Armour Emporium.
   500 | D        | Noticed an oklob plant
   501 | D        | Found Abink's Book Shoppe.
   505 | D        | Noticed a death yak
   527 | D        | Bought a runed cloak for 135 gold pieces
   537 | D        | Bought a pair of faintly humming gloves for 256 gold pieces
   537 | D        | Identified the +1 pair of gloves of Refuge {Str+3 Dex+3}
                  | (You bought it in a shop in the Dungeon)
   547 | D        | Bought the ring of Irphif {rPois rN+ Int+2} for 424 gold
                  | pieces
   552 | D        | Bought a scroll of identify for 20 gold pieces
   556 | D        | Bought a scroll of fear for 49 gold pieces
   556 | D        | Bought a scroll of identify for 28 gold pieces
   556 | D        | Bought a scroll of identify for 28 gold pieces
   556 | D        | Bought a scroll of identify for 28 gold pieces
   565 | D        | Noticed an ice statue
   576 | D        | Found a snail-covered altar of Cheibriados.
   577 | D        | Found a shadowy altar of Dithmenos.
   586 | D        | Found a white marble altar of Elyvilon.
   586 | D        | Found an ancient bone altar of Kikubaaqudgha.
   586 | D        | Found a viscous altar of Jiyva.
   587 | D        | Found a blossoming altar of Fedhas.
   587 | D        | Found a corrupted altar of Lugonu.
   587 | D        | Found a shimmering blue altar of Sif Muna.
   588 | D        | Found an opulent altar of Gozag.
   588 | D        | Found a burning altar of Makhleb.
   588 | D        | Found a bloodstained altar of Trog.
   589 | D        | Found a sparkling altar of Nemelex Xobeh.
   589 | D        | Found a hide-covered altar of Uskayaw.
   590 | D        | Found an iron altar of Okawaru.
   590 | D        | Found a radiant altar of Vehumet.
   590 | D        | Found a glowing silver altar of Zin.
   590 | D        | Found a basalt altar of Yredelemnul.
   590 | D        | Noticed a polar bear
   590 | D        | Noticed a polar bear
   591 | D        | Noticed a polar bear
   592 | D        | Found a hazy altar of Hepliaklqana.
   592 | D        | Found a sacrificial altar of Ru.
   592 | D        | Found a shimmering altar of Xom.
   592 | D        | Noticed a yaktaur
   598 | D        | Killed a polar bear
   599 | D        | Reached skill level 17 in Axes
   600 | D        | Killed a polar bear
   603 | D        | Killed a polar bear
   603 | D        | Reached ***** piety under Trog
   605 | D        | Killed a yaktaur
   613 | D        | Reached skill level 18 in Axes
   621 | D        | Noticed a kraken
   859 | D        | HP: 1/139 [kraken (31)]
   860 | D        | Killed a kraken
   861 | D        | Reached skill level 19 in Axes
   861 | D        | Reached XP level 10. HP: 2/104 MP: 9/9
   871 | D        | Found the +9 staff of Wucad Mu {*channel}
  1229 | D        | Found a glowing golden altar of the Shining One.
  1229 | D        | Found an ornate altar of the Wu Jian Council.
  1236 | D        | Noticed a deep troll
  1236 | D        | Noticed a deep troll
  1243 | D        | Killed a deep troll
  1245 | D        | Killed a deep troll
  1246 | D        | Reached skill level 20 in Axes
  1302 | D        | Noticed a sphinx
  1302 | D        | Noticed a sphinx
  1308 | D        | Killed a sphinx
  1308 | D        | Received a gift from Trog
  1309 | D        | Reached skill level 15 in Fighting
  1309 | D        | Reached skill level 15 in Armour
  1311 | D        | Killed a sphinx
  1312 | D        | Reached skill level 21 in Axes
  1312 | D        | Reached XP level 11. HP: 113/114 MP: 10/10
  1346 | D        | Found a stormy altar of Qazlal.
  1359 | D        | Noticed a sixfirhy
  1389 | D        | Noticed a glowing orange brain
  1389 | D        | Noticed Sonja
  1393 | D        | Killed Sonja
  1394 | D        | Noticed a hellephant
  1394 | D        | Noticed a purple draconian shifter
  1396 | D        | Killed a glowing orange brain
  1396 | D        | Received a gift from Trog
  1416 | D        | Killed a purple draconian shifter
  1417 | D        | Reached skill level 22 in Axes
  1602 | D        | Killed from afar by a hellephant

Illustrated notes

Levels and vault maps discovered:
D:        the_violet_keep_of_menkaure [sprint2_stairs_cluster_1,
          sprint2_shoproom, sprint2_temple, sprint2_basic_supplies,
          sprint2_obstacle_3, sprint2_obstacle_5, sprint2_obstacle_2,
          sprint2_obstacle_6, sprint2_obstacle_1, sprint2_timed_cluster_1,
          sprint2_smallroom_cluster_1, sprint2_smallroom_final_cluster_1,
          sprint2_transparent_cluster_1, sprint2_second_timed_cluster_1,
          sprint2_sniper_area_1, sprint2_heavy_combat_area_1,
          sprint2_mutation_trap_area_1, sprint2_forest_area_1,
          sprint2_light_combat_area_1, sprint2_behind_water_1,
          sprint2_near_end_vault_1]

Skill      XL: |  1  2  3  4  5  6  7  8  9 10 11 |
---------------+----------------------------------+-----
Fighting       | 5 6 7 9 10 12 14 15 16 | 16.4
Axes           | 7 9 10 12 13 16 19 21 22 | 22.2
Armour         | 5 6 7 8 9 11 14 15 16 | 16.2
Dodging        | 4 5 6 7 9 |  9.0

Action                   |  1- 3 |  4- 6 |  7- 9 | 10-12 || total
-------------------------+-------+-------+-------+-------++-------
Melee: Hand axe          |     5 |    12 |    94 |    11 ||   122
       Headbutt          |       |     4 |    34 |    10 ||    48
       Battleaxe         |       |       |       |    10 ||    10
       Executioner's axe |       |       |       |     6 ||     6
Invok: Berserk           |     1 |     2 |     3 |     3 ||     9
       Trog's Hand       |       |       |       |     3 ||     3
       Brothers in Arms  |       |       |       |     3 ||     3
  Use: Potion            |       |       |     2 |     3 ||     5
       Scroll            |       |       |       |     6 ||     6
Armor: Animal skin       |       |       |    15 |       ||    15
       Ring mail         |       |       |       |    10 ||    10
Dodge: Dodged            |     1 |     4 |    46 |    22 ||    73

Table legend: (Time is in decaauts)
 A = Elapsed time spent in this place.
 B = Non-inter-level travel time spent in this place.
 C = Inter-level travel time spent in this place.
 D = Time resting spent in this place.
 E = Time spent auto-exploring this place.
 F = Levels seen in this place.
 G = Mean time per level.
                   A        B        C        D        E       F      G
               +--------+--------+--------+--------+--------+-----+--------+
         Total |   1686 |   1670 |     16 |   1058 |      0 |   1 | 1686.0 |
       Dungeon |   1686 |   1670 |     16 |   1058 |      0 |   1 | 1686.0 |
               +--------+--------+--------+--------+--------+-----+--------+

Top non-repeatable levels by time:
       D: 1686 daAuts
